 Dungeon Crawl Stone Soup version 0.31-a0-1178-gc5c9b8f871 (webtiles) character file.

Game seed: 9216817628230717142

26939 Zonian the Thaumaturge (level 12, -9/81 HPs)
             Began as a Demigod Earth Elementalist on Dec 11, 2023.
             Mangled by a cane toad (18 damage)
             ... on level 3 of the Lair of Beasts on Dec 12, 2023.
             The game lasted 01:21:20 (23576 turns).

Zonian the Thaumaturge (DgEE)                      Turns: 23576, Time: 01:21:21

Health: -9/81      AC:  7    Str:  9    XL:     12   Next: 64%
Magic:  20/31      EV: 12    Int: 33    God:
Gold:   422        SH:  0    Dex: 20    Spells: 11/33 levels left

rFire   . . .        D - +8 rapier of Infinity {speed, rC+ Stlth+, short}
rCold   + . .        (no shield)
rNeg    . . .        t - +3 leather armour {Will+}
rPois   +            r - +0 helmet
rElec   .            (no cloak)
rCorr   .            (no gloves)
SInv    .            (no boots)
Will    ++...        y - amulet of the acrobat
Stlth   +++          F - +6 ring of dexterity
HPRegen 0.33/turn    E - ring of poison resistance
MPRegen 0.22/turn

%: acrobat
@: freezing walls, very slightly contaminated
A: high MP 1, forlorn, divine attributes
a: no special abilities


You were on level 3 of the Lair of Beasts.
You visited 2 branches of the dungeon, and saw 12 of its levels.

You collected 597 gold pieces.
You spent 175 gold pieces at shops.


Innate Abilities, Weirdness & Mutations

You have an increased reservoir of magic. (+10% MP)
You shall have no god before yourself.
Your divine heritage dramatically boosts your attributes as you level up.


   Skills:
 + Level 3.0 Short Blades
 - Level 1.7 Dodging
 - Level 1.7 Stealth
 + Level 11.0 Spellcasting
 - Level 8.9 Conjurations
 - Level 5.3 Transmutations
 - Level 5.3 Ice Magic
 + Level 6.9 Air Magic
 - Level 9.7 Earth Magic


You had 11 spell levels left.
You knew the following spells:

 Your Spells              Type           Power      Damage    Failure   Level
a - Sandblast             Erth           100%       2d20      1%          1
b - Stone Arrow           Conj/Erth      100%       3d13      1%          3
c - Brom's Barrelling Bo  Conj/Erth      68%        2d8       1%          4
d - Petrify               Tmut/Erth      62%        N/A       1%          4
e - Airstrike             Air            29%        2d(5-21)  1%          4
f - Swiftness             Air            59%        N/A       1%          3
g - Frozen Ramparts       Ice            100%       1d16      1%          3

Your spell library contained the following spells:

 Spells                   Type           Power      Damage    Failure   Level
 Freeze                   Ice            100%       1d10      1%          1
 Shock                    Conj/Air       100%       1d9       1%          1
 Passwall                 Tmut/Erth      51%        N/A       1%          2
 Wereblood                Tmut           52%        N/A       1%          2
 Hailstorm                Conj/Ice       60%        3d11      1%          3
 Necrotise                Necr           72%        1d7       3%          1
 Leda's Liquefaction      Hex/Erth       25%        N/A       4%          4
 Sublimation of Blood     Necr           18%        N/A       5%          2
 Call Canine Familiar     Summ           18%        N/A       11%         3
 Sigil of Binding         Hex            18%        N/A       11%         3
 Vampiric Draining        Necr           18%        2d7       11%         3
 Dimensional Bullseye     Hex/Tloc       9%         N/A       34%         4
 Agony                    Necr           18%        N/A       69%         5
 Summon Hydra             Summ           9%         N/A       100%        7

Inventory:

Hand Weapons
 c - a +0 vampiric short sword {short}
   (You took it off an orc on level 7 of the Dungeon)
 g - a +0 short sword of venom {short}
   (You took it off a kobold on level 4 of the Dungeon)
 j - a +0 whip of protection {mace}
   (You took it off a kobold on level 1 of the Dungeon)
 n - a +1 dagger of freezing {short}
   (You took it off a goblin on level 2 of the Dungeon)
 s - a +1 whip of electrocution {mace}
   (You took it off a gnoll on level 3 of the Dungeon)
 x - a +2 short sword of protection {short}
   (You took it off Terence on level 2 of the Dungeon)
 D - the +8 rapier of Infinity (weapon) {speed, rC+ Stlth+, short}
   (You found it on level 7 of the Dungeon)

   rC+:       It protects you from cold.
   Stlth+:    It makes you more stealthy.
 I - a -1 demon whip of venom {mace}
   (You took it off Amaemon on level 2 of the Lair of Beasts)
Missiles
 q - 2 throwing nets {=f!fthrowing}
 K - 4 curare-tipped darts {=fthrowing}
Armour
 a - a +0 robe
 p - an orb of guile
   (You found it on level 4 of the Dungeon)
 r - a +0 helmet (worn)
   (You found it on level 1 of the Lair of Beasts)
 t - a +3 leather armour of willpower (worn)
   (You took it off an orc on level 6 of the Dungeon)
 B - a +0 buckler
   (You found it on level 6 of the Dungeon)
 H - a +0 crystal plate armour {rare=g}
   (You found it on level 9 of the Dungeon)
Jewellery
 e - a ring of protection from cold
   (You found it on level 7 of the Dungeon)
 y - an amulet of the acrobat (around neck)
   (You bought it in a shop on level 2 of the Dungeon)
 E - a ring of poison resistance (right hand)
   (You found it on level 7 of the Dungeon)
 F - a +6 ring of dexterity (left hand)
   (You found it on level 8 of the Dungeon)
Wands
 b - a wand of mindburst (5)
   (You took it off Amaemon on level 2 of the Lair of Beasts)
 A - a wand of flame (16)
   (You took it off Ijyb on level 5 of the Dungeon)
 M - a wand of light (3)
   (You found it on level 3 of the Lair of Beasts)
 O - a wand of charming (3)
   (You found it on level 3 of the Lair of Beasts)
Scrolls
 d - 2 scrolls of poison {!r}
 f - a scroll of amnesia
 i - a scroll of immolation {!r!r}
 l - a scroll of revelation
 z - 2 scrolls of teleportation {@r4}
 C - 2 scrolls of enchant weapon
 J - 2 scrolls of fog
Potions
 h - 2 potions of cancellation
 k - 3 potions of enlightenment
 m - 4 potions of curing {@q1}
 o - a potion of degeneration {unknown}
 u - 2 potions of ambrosia {unknown}
 v - 4 potions of attraction {unknown}
 w - 3 potions of brilliance {unknown}
 G - a potion of resistance {unknown}
 L - a potion of berserk rage {unknown}
 N - a potion of invisibility {unknown}

Dungeon Overview and Level Annotations

Branches:
Dungeon (9/15) Zot: 24780  Temple (0/1) D:6            Lair (3/5) D:9 Zot: 9747
 Shoals (0/4) Lair:2       Spider (0/4) Lair:2
    Orc: D:9-12

Shops:
D:2 *

Annotations:
D:2 1 runed translucent door, Crazy Yiuf
D:6 Duvessa
Lair:2 Gastronok

..........#.....b......#.
..........b......b.....#.
.........b.........b.....
.....F.bbbbb.#....b.b....
.....b....b.....b...b....
.......bbb........b......
.....#Pb....#............
#.#....Fhh....#.......##.
. ###..#@...###.......#.#
##...#### ##bPP.####.
##### ###### #. ##


You could see a cane toad (slow), 2 wolves and a bullfrog.


Message History

The wolf bites you. 😕 HP[-1]
You take 1 damage, and now have 80/81 hp.
Unknown command.
You miss the wolf. The wolf bites you. x2 😕 HP[-2]
You take 2 damage, and now have 78/81 hp.
Unknown command.
Cast which spell? (? or * to list)
Aiming: Stone Arrow (safe; 1% risk of failure)
Press: ? - help, Shift-Dir - straight line, f - wolf
Aim: a wolf (63% to hit)
The stone arrow hits the wolf!!
The cane toad stings you! The wolf barely misses your butterfly.
The cane toad closely misses you. 😕 HP[-9] MP[-3]
You take 9 damage, and now have 69/81 hp.
You lost 3 mp, and now have 28/31 mp.
Unknown command.
Casting: Stone Arrow (safe; 1% risk of failure)
Confirm with . or Enter, or press ? or * to list all spells.
Aiming: Stone Arrow (safe; 1% risk of failure)
Press: ? - help, Shift-Dir - straight line, f/p - wolf
Aim: a wolf (almost dead, 63% to hit)
The stone arrow hits the wolf!!
You kill the wolf!
The wolf bites your butterfly.
Your butterfly dies!
Your butterfly disappears in a burst of colours!
The wolf bites your butterfly.
Your butterfly dies!
Your butterfly disappears in a burst of colours!
The wolf bites you.
The cane toad barely misses you. 😕 HP[-6] MP[-3]
You take 6 damage, and now have 63/81 hp.
You lost 3 mp, and now have 25/31 mp.
Unknown command.
You miss the wolf. The wolf bites you but does no damage. The wolf bites you!
The cane toad stings you!!
* * * LOW HITPOINT WARNING * * *
A bullfrog comes into view. 😨 HP[-32]
You take 32 damage, and now have 31/81 hp.
MASSIVE DAMAGE!! (PAUSE)
Casting: Stone Arrow (safe; 1% risk of failure)
Confirm with . or Enter, or press ? or * to list all spells.
Okay, then.
Okay, then.
Okay, then.
Okay, then.
Okay, then.
Casting: Stone Arrow (safe; 1% risk of failure)
Confirm with . or Enter, or press ? or * to list all spells.
Okay, then.
You swap places.
The wolf completely misses your butterfly.
The wolf stops to sniff the ground.
The wolf bites your butterfly.
Your butterfly dies!
Your butterfly disappears in a burst of colours!
The cane toad closely misses your butterfly.
The wolf completely misses you. 😨 HP[+1]
Okay, then.
Your butterfly disappears in a burst of colours!
The wolf closely misses your butterfly.
The wolf misses your butterfly. x3 😨 MP[+1]
Your butterfly disappears in a burst of colours!
The wolf barely misses your butterfly.
Casting: Stone Arrow (safe; 1% risk of failure)
Confirm with . or Enter, or press ? or * to list all spells.
Casting: Frozen Ramparts (safe; 1% risk of failure)
Press: ? - help, Dir - look around, f - activate You miscast Frozen Ramparts.
You are very lightly contaminated with residual magic.
Nothing appears to happen.
Your butterfly disappears in a burst of colours!
The wolf misses you. The cane toad completely misses you. The wolf bites you.
* * * LOW HITPOINT WARNING * * *
The bullfrog misses your butterfly. The cane toad stings you!!
* * * LOW HITPOINT WARNING * * *
😱 HP[-23] MP[-3]
You take 23 damage, and now have 9/81 hp.
MASSIVE DAMAGE!! (PAUSE)
You lost 3 mp, and now have 23/31 mp.
Okay, then.
Okay, then.
Okay, then.
Casting: Frozen Ramparts (safe; 1% risk of failure)
Confirm with . or Enter, or press ? or * to list all spells.
Casting: Frozen Ramparts (safe; 1% risk of failure)
Press: ? - help, Dir - look around, f - activate The walls around you are covered in ice.
The wall freezes the wolf!
You kill the wolf!
The wolf completely misses you.
The bullfrog barely misses your butterfly.
The wall freezes the wolf!
The wolf bites you but does no damage.
The wall freezes the cane toad.
The cane toad seems to slow down.
The cane toad stings you!!
You die...

Skill      XL: |  1  2  3  4  5  6  7  8  9 10 11 12 |
---------------+-------------------------------------+-----
Spellcasting   | 2 3 4 5 6 7 8 9 11 | 11.0
Earth Magic    | 3 4 5 6 7 8 9 |  9.7
Conjurations   | 1 2 3 4 5 7 8 |  8.9
Transmutations | 2 4 5 |  5.3
Air Magic      | 1 4 5 6 |  6.9
Short Blades   | 1 3 |  3.0
Ice Magic      | 3 5 |  5.3
Dodging        | |  1.7
Stealth        | |  1.7

Action                     |  1- 3 |  4- 6 |  7- 9 | 10-12 || total
---------------------------+-------+-------+-------+-------++-------
  Melee: Whip              |     2 |       |       |       ||     2
         Rapier            |       |       |    53 |   151 ||   204
  Throw: Dart              |       |       |       |     3 ||     3
   Cast: Sandblast         |    74 |    98 |    47 |    29 ||   248
         Stone Arrow       |       |     2 |    96 |   222 ||   320
         Brom's Barrelling |       |       |     6 |    16 ||    22
         Petrify           |       |       |     1 |     2 ||     3
         Swiftness         |       |       |       |     4 ||     4
         Frozen Ramparts   |       |       |       |     9 ||     9
         Airstrike         |       |       |       |    11 ||    11
  Evoke: Wand              |       |       |     2 |    15 ||    17
    Use: Scroll            |       |     9 |     4 |     9 ||    22
         Potion            |       |     1 |       |     9 ||    10
   Stab: Petrified         |       |       |     4 |     6 ||    10
         Sleeping          |       |       |     2 |     5 ||     7
 Armour: Robe              |    15 |    22 |    10 |       ||    47
         Leather armour    |       |       |    39 |   180 ||   219
         Skin              |       |       |       |    59 ||    59
  Dodge: Dodged            |    14 |    21 |    59 |   156 ||   250

Levels and vault maps discovered:
D:1:      minmay_arrival_stone_box, layout_rooms
D:2:      layout_loops_ring, serial_shops, shop_statue, uniq_terence,
          uniq_crazy_yiuf_cottage
D:3:      layout_rooms
D:4:      minmay_bubble_buster, layout_basic
D:5:      layout_loops_ring, nemelex_diamond_rough_becter,
          nicolae_qazlal_eye_of_the_storm, uniq_ijyb
D:6:      minmay_opposing_rooms, layout_basic, minmay_temple_entry_waves,
          uniq_duvessa
D:7:      layout_basic, mainiacjoe_overflow_alcove_2,
          mainiacjoe_overflow_catwalk, mainiacjoe_overflow_boulevard,
          st_stairs_7, kennysheep_big_empty_room, minmay_misc_feat_cross
D:8:      layout_loops_ring, hangedman_abyss_or_decor_stagger, st_stairs_1,
          feat_on_display
D:9:      layout_rooms, dpeg_lair_monsters, uniq_grum
Lair:1:   layout_long_grid, small_statue_intersection
Lair:2:   layout_long_grid, elwin_shoals_entry_stream,
          nicolae_spider_entry_lesser_pyramids, serial_bayou_shore_b,
          uniq_amaemon, uniq_gastronok
Lair:3:   layout_cave_shapes, serial_rivers, chequers_serial_rivers_small_3,
          chequers_serial_rivers_micro_a, chequers_serial_rivers_micro_d,
          chequers_serial_rivers_micro_e, lemuel_fruit_tree,
          infiniplex_staircase_pool

Notes
Turn   | Place    | Note
-------+----------+-------------------------------------------
     0 | D:1      | Zonian the Demigod Earth Elementalist began the quest for
                  | the Orb.
     0 | D:1      | Reached XP level 1. HP: 14/14 MP: 5/5
     0 | D:1      | magus.rc [v1.9.6]
   217 | D:1      | Reached skill level 2 in Spellcasting
   221 | D:1      | Reached skill level 3 in Earth Magic
   375 | D:1      | Reached XP level 2. HP: 20/20 MP: 4/7
   804 | D:1      | Reached XP level 3. HP: 26/26 MP: 6/9
   933 | D:1      | You pick up a book of Necromancy and begin reading...
   933 | D:1      | You add the spells Necrotise, Vampiric Draining and Agony
                  | to your library.
  1513 | D:2      | Noticed a phantom
  1762 | D:1      | Learned a level 3 spell: Stone Arrow
  2385 | D:2      | Found Zeqextaus's Assorted Antiques.
  2407 | D:2      | Reached XP level 4. HP: 33/33 MP: 8/11
  2440 | D:2      | Noticed Terence
  2518 | D:2      | Reached skill level 3 in Spellcasting
  3421 | D:3      | Reached skill level 4 in Earth Magic
  3717 | D:3      | Reached skill level 1 in Conjurations
  3965 | D:4      | Reached XP level 5. HP: 35/38 MP: 8/13
  4062 | D:4      | Reached skill level 2 in Conjurations
  4316 | D:4      | Reached XP level 6. HP: 45/45 MP: 9/14
  4549 | D:4      | You fall into a shaft and drop 2 floors!
  4557 | D:5      | Entered Level 5 of the Dungeon
  5148 | D:4      | HP: 4/45 [iguana (10)]
  5274 | D:4      | Reached skill level 4 in Spellcasting
  5597 | D:4      | Reached skill level 5 in Earth Magic
  5744 | D:4      | Reached skill level 3 in Conjurations
  5744 | D:4      | Reached XP level 7. HP: 32/50 MP: 7/16
  6362 | D:2      | Bought a dented steel amulet for 125 gold pieces
  6367 | D:2      | Bought a scroll labelled ZEKHLE ISEVOE for 25 gold pieces
  6367 | D:2      | Bought a scroll labelled ZEKHLE ISEVOE for 25 gold pieces
  6545 | D:2      | Killed Terence
  6720 | D:2      | Found a runed translucent door.
  6721 | D:2      | Noticed Crazy Yiuf
  7505 | D:5      | Noticed Ijyb
  7508 | D:5      | Killed Ijyb
  7762 | D:5      | Reached skill level 4 in Conjurations
  7775 | D:5      | Reached skill level 5 in Spellcasting
  8261 | D:6      | Reached skill level 6 in Earth Magic
  8268 | D:6      | Reached XP level 8. HP: 57/57 MP: 9/19
  8414 | D:6      | You pick up a book of Air and begin reading...
  8414 | D:6      | You add the spells Shock, Swiftness and Airstrike to your
                  | library.
  8424 | D:6      | Learned a level 4 spell: Brom's Barrelling Boulder
  8552 | D:6      | Found a staircase to the Ecumenical Temple.
  8977 | D:6      | Reached skill level 5 in Conjurations
  9197 | D:6      | Noticed a troll
  9207 | D:6      | Killed a troll
  9208 | D:6      | Reached skill level 6 in Spellcasting
  9479 | D:6      | Reached skill level 7 in Earth Magic
  9958 | D:6      | Noticed Dowan
  9983 | D:6      | Noticed Duvessa
 10197 | D:7      | Identified the +8 rapier of Infinity {speed, rC+ Stlth+}
 10285 | D:7      | Reached XP level 9. HP: 62/62 MP: 12/22
 10288 | D:7      | Reached skill level 6 in Conjurations
 10703 | D:6      | Noticed a cyclops
 10902 | D:6      | Killed Dowan
 11032 | D:7      | You pick up a book of Blood and begin reading...
 11032 | D:7      | You add the spells Sublimation of Blood, Wereblood and
                  | Summon Hydra to your library.
 11346 | D:7      | Reached skill level 7 in Spellcasting
 12228 | D:8      | Reached skill level 8 in Earth Magic
 12836 | D:8      | You pick up a book of the Hunter and begin reading...
 12836 | D:8      | You add the spells Sigil of Binding, Call Canine Familiar,
                  | Dimensional Bullseye and Leda's Liquefaction to your
                  | library.
 12842 | D:8      | Learned a level 4 spell: Petrify
 12847 | D:8      | Learned a level 4 spell: Airstrike
 12879 | D:8      | Reached skill level 7 in Conjurations
 12879 | D:8      | Reached skill level 1 in Transmutations
 13299 | D:9      | Noticed a two-headed ogre
 13304 | D:9      | Killed a two-headed ogre
 13305 | D:9      | Reached skill level 1 in Air Magic
 13505 | D:9      | Reached skill level 2 in Transmutations
 13598 | D:9      | Reached XP level 10. HP: 61/69 MP: 19/25
 13746 | D:9      | Noticed Grum
 13761 | D:9      | Found a staircase to the Lair.
 13761 | D:9      | Noticed a death yak
 13761 | D:9      | Noticed a death yak
 13761 | D:9      | Noticed a death yak
 13767 | D:9      | Identified a +0 crystal plate armour
 13768 | D:9      | H - a +0 crystal plate armour {rare=g}
 14156 | D:9      | Killed Grum
 14157 | D:9      | Reached skill level 2 in Air Magic
 14740 | D:9      | Killed a death yak
 14741 | D:9      | Reached skill level 3 in Transmutations
 14744 | D:9      | Killed a death yak
 14745 | D:9      | Reached skill level 8 in Spellcasting
 14745 | D:9      | Reached skill level 3 in Air Magic
 15091 | D:9      | Reached skill level 9 in Earth Magic
 15190 | D:9      | Killed a death yak
 15191 | D:9      | Reached skill level 8 in Conjurations
 15280 | Lair:1   | Entered Level 1 of the Lair of Beasts
 15428 | Lair:1   | Reached skill level 4 in Transmutations
 15553 | Lair:1   | Reached skill level 1 in Short Blades
 15556 | Lair:1   | Reached skill level 4 in Air Magic
 15556 | Lair:1   | Reached XP level 11. HP: 34/74 MP: 15/27
 15562 | Lair:1   | HP: 26/111 [yak (10)]
 16005 | Lair:1   | Reached skill level 2 in Short Blades
 16056 | Lair:1   | Noticed a boulder beetle
 16175 | Lair:1   | Learned a level 3 spell: Swiftness
 16525 | Lair:1   | You pick up a book of Frost and begin reading...
 16525 | Lair:1   | You add the spells Freeze, Frozen Ramparts and Hailstorm to
                  | your library.
 16784 | Lair:1   | Killed a boulder beetle
 16785 | Lair:1   | Reached skill level 5 in Transmutations
 17336 | Lair:2   | Reached skill level 3 in Short Blades
 17575 | Lair:2   | Found a hole to the Spider Nest.
 17575 | Lair:2   | Noticed a pharaoh ant
 18065 | Lair:2   | Reached skill level 5 in Air Magic
 18339 | Lair:2   | Learned a level 3 spell: Frozen Ramparts
 18756 | Lair:2   | Noticed Gastronok
 18849 | Lair:2   | Reached skill level 1 in Ice Magic
 18899 | Lair:2   | Reached skill level 9 in Spellcasting
 18994 | Lair:2   | Reached skill level 2 in Ice Magic
 19236 | Lair:2   | Killed a pharaoh ant
 19291 | Lair:2   | Noticed Amaemon
 19503 | Lair:2   | Reached skill level 3 in Ice Magic
 19555 | Lair:2   | HP: 18/74 [orange demon[Amaemon] (8)]
 19561 | Lair:2   | HP: 2/74 [disintegration (8)]
 19564 | Lair:2   | magus.rc [v1.9.6]
 19570 | Lair:2   | Killed Amaemon
 19571 | Lair:2   | Reached XP level 12. HP: 34/81 MP: 2/30
 19739 | Lair:2   | magus.rc [v1.9.6]
 19767 | Lair:2   | Reached skill level 4 in Ice Magic
 20024 | Lair:2   | Found a staircase to the Shoals.
 20191 | Lair:2   | Reached skill level 10 in Spellcasting
 20351 | Lair:2   | Reached skill level 5 in Ice Magic
 21408 | Lair:3   | HP: 10/81 [dream sheep (28)]
 21419 | Lair:3   | Reached skill level 6 in Air Magic
 21424 | Lair:3   | HP: 20/81 [dream sheep (8)]
 21851 | Lair:3   | HP: 16/81 [yak (13)]
 22547 | Lair:3   | Noticed an eight-headed hydra
 22812 | Lair:3   | Killed an eight-headed hydra
 22813 | Lair:3   | Reached skill level 11 in Spellcasting
 22813 | Lair:3   | Upgraded the game from 0.31-a0-1172-g9944ec47dd to
                  | 0.31-a0-1178-gc5c9b8f871
 22813 | Lair:3   | magus.rc [v1.9.6]
 22813 | Lair:3   | magus.rc [v1.9.6]
 23575 | Lair:3   | HP: 9/81 [cane toad (22)]
 23576 | Lair:3   | Mangled by a cane toad

Vanquished Creatures
  A hydra (Lair:3)
  A two-headed ogre (D:9)
  A boulder beetle (Lair:1)
  3 death yaks (D:9)
  A pharaoh ant (Lair:2)
  Amaemon (Lair:2)
  8 elephants (Lair:2)
  A merfolk siren (Lair:2)
  A black mamba (Lair:1)
  10 cane toads
  An orange demon (Lair:2)
  4 komodo dragons
  A rime drake (Lair:1)
  3 merfolk (Lair:2)
  A polar bear (Lair:2)
  A troll (D:6)
  A tarantella (Lair:2)
  7 dream sheep (Lair:3)
  A jumping spider (Lair:1)
  2 shadows (D:9)
  32 yaks
  A wyvern (Lair:2)
  2 basilisks
  3 steam dragons
  Grum (D:9)
  12 water moccasins
  An ice beast (D:6)
  An orc warrior (D:6)
  A black bear (Lair:3)
  2 ogres
  2 sky beasts (D:7)
  10 wolves
  4 centaurs
  3 phantoms
  A kobold brigand (D:9)
  12 bullfrogs
  3 scorpions
  A gnoll sergeant (D:5)
  9 jellies
  Dowan (D:6)
  4 wights (D:7)
  12 killer bees
  2 howler monkeys
  2 electric eels (Lair:3)
  3 hounds
  An orc priest (D:6)
  A sleepcap (D:5)
  3 iguanas
  Ijyb (D:5)
  Terence (D:2)
  2 orc wizards
  2 hell rats (D:9)
  16 gnolls
  9 adders
  A river rat (D:9)
  3 white imps
  4 ufetubi (D:6)
  5 worms
  5 dart slugs
  21 orcs
  10 ball pythons
  9 endoplasms
  4 giant cockroaches
  4 goblins
  8 hobgoblins
  8 jackals
  5 quokkas
  6 bats
  4 frilled lizards
  15 kobolds
  7 rats
330 creatures vanquished.

Vanquished Creatures (collateral kills)
  8 boulders
8 creatures vanquished.

Vanquished Creatures (others)
  7 boulders
7 creatures vanquished.

Grand Total: 345 creatures vanquished

Table legend:
 A = Non-vault XP
 B = Vault XP
 C = Vault XP percentage of total XP
 D = Non-vault monster count
 E = Vault monster count
 F = Vault count percentage of total count
                 A         B        C        D         E       F
            +---------+---------+-------+---------+---------+-------
      Total |   30448 |    8156 |  21.1 |     279 |      51 |  15.5
            +---------+---------+-------+---------+---------+-------
        D:1 |      51 |       0 |   0.0 |      22 |       0 |   0.0
        D:2 |      74 |      36 |  32.7 |      27 |       1 |   3.6
        D:3 |      92 |       0 |   0.0 |      17 |       0 |   0.0
        D:4 |     425 |     249 |  36.9 |      25 |      12 |  32.4
        D:5 |     630 |      36 |   5.4 |      19 |       1 |   5.0
        D:6 |    1088 |     806 |  42.6 |      22 |      10 |  31.2
        D:7 |    1105 |      43 |   3.7 |      14 |       1 |   6.7
        D:8 |     518 |      93 |  15.2 |      14 |       1 |   6.7
        D:9 |    2545 |    3020 |  54.3 |      25 |      15 |  37.5
     Lair:1 |    7682 |     306 |   3.8 |      29 |       2 |   6.5
     Lair:2 |    8346 |    3567 |  29.9 |      31 |       8 |  20.5
     Lair:3 |    7892 |       0 |   0.0 |      34 |       0 |   0.0
            +---------+---------+-------+---------+---------+-------

Skill      XL: |  1  2  3  4  5  6  7  8  9 10 11 12 |
---------------+-------------------------------------+-----
Spellcasting   | 2 3 4 5 6 7 8 9 11 | 11.0
Earth Magic    | 3 4 5 6 7 8 9 |  9.7
Conjurations   | 1 2 3 4 5 7 8 |  8.9
Transmutations | 2 4 5 |  5.3
Air Magic      | 1 4 5 6 |  6.9
Short Blades   | 1 3 |  3.0
Ice Magic      | 3 5 |  5.3
Dodging        | |  1.7
Stealth        | |  1.7

Action                     |  1- 3 |  4- 6 |  7- 9 | 10-12 || total
---------------------------+-------+-------+-------+-------++-------
  Melee: Whip              |     2 |       |       |       ||     2
         Rapier            |       |       |    53 |   151 ||   204
  Throw: Dart              |       |       |       |     3 ||     3
   Cast: Sandblast         |    74 |    98 |    47 |    29 ||   248
         Stone Arrow       |       |     2 |    96 |   222 ||   320
         Brom's Barrelling |       |       |     6 |    16 ||    22
         Petrify           |       |       |     1 |     2 ||     3
         Swiftness         |       |       |       |     4 ||     4
         Frozen Ramparts   |       |       |       |     9 ||     9
         Airstrike         |       |       |       |    11 ||    11
  Evoke: Wand              |       |       |     2 |    15 ||    17
    Use: Scroll            |       |     9 |     4 |     9 ||    22
         Potion            |       |     1 |       |     9 ||    10
   Stab: Petrified         |       |       |     4 |     6 ||    10
         Sleeping          |       |       |     2 |     5 ||     7
 Armour: Robe              |    15 |    22 |    10 |       ||    47
         Leather armour    |       |       |    39 |   180 ||   219
         Skin              |       |       |       |    59 ||    59
  Dodge: Dodged            |    14 |    21 |    59 |   156 ||   250

Illustrated notes

Table legend:
 A = Kills in this place as a percentage of kills in the entire game.
 B = Kills by you in this place as a percentage of kills by you in the entire game.
 C = Kills by friends in this place as a percentage of kills by friends in the entire game.
 D = Other kills in this place as a percentage of other kills in the entire game.
 E = Experience gained in this place as a percentage of experience gained in the entire game.
 F = Experience gained in this place divided by the number of levels of this place that you have seen.
                   A       B       C       D       E      F
               +-------+-------+-------+-------+-------+----------------------
         Total | 100.0 | 100.0 |   N/A |   N/A | 100.0 | 3217.0
       Dungeon |  68.5 |  68.5 |   N/A |   N/A |  28.0 | 1201.2
          Lair |  31.5 |  31.5 |   N/A |   N/A |  72.0 | 9264.3
               +-------+-------+-------+-------+-------+----------------------

Table legend: (Time is in decaauts)
 A = Elapsed time spent in this place.
 B = Non-inter-level travel time spent in this place.
 C = Inter-level travel time spent in this place.
 D = Time resting spent in this place.
 E = Time spent auto-exploring this place.
 F = Levels seen in this place.
 G = Mean time per level.
                   A        B        C        D        E       F      G
               +--------+--------+--------+--------+--------+-----+--------+
         Total |  23641 |  22974 |    667 |  11543 |   6635 |  12 | 1970.1 |
       Dungeon |  15390 |  14884 |    506 |   6410 |   5542 |   9 | 1710.0 |
          Lair |   8251 |   8090 |    161 |   5133 |   1093 |   3 | 2750.3 |
               +--------+--------+--------+--------+--------+-----+--------+

Top non-repeatable levels by time:
  Lair:1: 3168 daAuts
  Lair:3: 2577 daAuts
  Lair:2: 2505 daAuts
     D:4: 2234 daAuts
     D:2: 2200 daAuts
     D:6: 2183 daAuts
     D:7: 1787 daAuts
     D:9: 1603 daAuts
     D:8: 1538 daAuts
     D:1: 1412 daAuts
     D:5: 1250 daAuts
     D:3: 1180 daAuts
